Map: Ley Lines

Players

KimChiLoVer - Winner!

  • Race: Terran Terran
  • Spawn Location: 1:00

A.I. 1 (Elite)

  • Race: Terran Terran
  • Spawn Location: 7:00

VOD

Have the link to the VOD?

Description

Time

  • Played on: Aug. 9, 2025, 11:39 a.m.
  • Length: 10:50
Show
View Real Time Build Order
Export as new Build Order

KimChiLoVer Terran - Winner!

Build Orders: Reaper Expand 

Get SALT Encoding   

  12  0:00  SCV  
  13  0:12  SCV  
  14  0:17  Supply Depot  
  14  0:24  SCV  
  15  0:38  SCV  
  15  0:40  Barracks  
  16  0:45  Refinery  
  16  0:50  SCV  
  17  1:03  SCV  
  18  1:15  SCV  
  19  1:27  Orbital Command  
  19  1:28  Reaper  
  20  1:39  Command Center  
  20  1:49  Supply Depot  
  20  1:53  SCV  
  21  2:02  Marine  
  21  2:05  Factory  
  22  2:09  SCV  
  22  2:11  Refinery  
  23  2:21  SCV, Barracks Reactor  
  24  2:33  SCV  
  24  2:36  Barracks  
  25  2:39  Barracks  
  25  2:45  SCV  
  25  2:50  Orbital Command  
  26  2:57  SCV  
  27  2:59  Marine x2  
  27  3:01  Factory Tech Lab  
  29  3:09  SCV  
  30  3:22  SCV  
  31  3:27  Starport, Marine  
  31  3:28  Marine x2  
  31  3:31  SCV, Factory Reactor  
  31  3:34  SCV  
  36  3:35  Stimpack  
  36  3:38  Marine  
  37  3:46  SCV x2  
  37  3:47  Marine  
  40  3:55  Supply Depot  
  40  4:01  Command Center  
  40  4:05  SCV x2  
  42  4:15  Engineering Bay x2  
  42  4:17  SCV  
  42  4:19  SCV  
  42  4:22  Marine x2  
  46  4:26  Medivac  
  46  4:28  Medivac  
  46  4:30  Marine  
  51  4:33  SCV x2  
  51  4:38  Supply Depot  
  53  4:41  Barracks  
  53  4:46  Terran Infantry Weapons Level 1  
  53  4:47  Terran Infantry Armor Level 1  
  53  4:54  SCV  
  53  4:55  Barracks  
  53  4:59  SCV  
  55  5:00  Factory Tech Lab  
  55  5:05  Supply Depot  
  55  5:06  Supply Depot  
  55  5:10  Marauder  
  55  5:12  SCV  
  58  5:18  Orbital Command  
  58  5:22  Reaper  
  58  5:24  Marine x2  
  64  5:28  Siege Tank  
  64  5:32  Marauder  
  66  5:36  SCV  
  66  5:37  Armory  
  66  5:38  Marine  
  66  5:41  SCV  
  66  5:42  Marine x2  
  69  5:48  SCV  
  69  5:49  Barracks Tech Lab  
  72  5:52  Combat Shield  
  72  6:07  Marine x6  
  72  6:11  Refinery  
  78  6:12  Refinery  
  78  6:19  Orbital Command  
  78  6:24  Marine, Medivac  
  78  6:25  Marine x2  
  82  6:26  Barracks  
  82  6:27  Barracks  
  82  6:29  Barracks  
  82  6:33  Marine, Marauder x2  
  87  6:42  Marine x2  
  87  6:43  Marine  
  89  6:50  Marine  
  90  6:54  Marauder x2  
  90  6:59  Medivac  
  90  7:00  Marine x3  
  99  7:04  SCV  
  99  7:05  SCV  
  101  7:15  Marine  
  101  7:16  Marauder x2, Supply Depot  
  101  7:18  Marine x2, Supply Depot  
  101  7:20  Supply Depot  
  101  7:22  Barracks Tech Lab x2, Barracks Reactor x2  
  95  7:27  SCV  
  95  7:29  Siege Tank  
  93  7:38  Terran Infantry Weapons Level 2  
  93  7:39  SCV, Supply Depot x2  
  93  7:41  Supply Depot  
  94  7:46  SCV x2, Refinery  
  94  7:47  Refinery  
  94  7:50  Concussive Shells  
  94  7:51  Marine x3, Marauder x2  
  100  7:54  Medivac  
  100  7:57  SCV  
  106  7:58  SCV  
  106  7:59  SCV  
  108  8:07  Supply Depot  
  108  8:10  Marine x3, Marauder x2  
  115  8:13  Barracks Reactor  
  115  8:14  Marine x2  
  115  8:15  Marauder  
  115  8:19  Supply Depot  
  119  8:26  Command Center  
  106  9:02  Marine x2  
  106  9:03  Marine x6, Marauder x2  
  114  9:12  SCV x3  
  114  9:16  Marauder x2  
  120  9:18  Medivac  
  120  9:19  Medivac  
  120  9:20  Marine  
  125  9:24  SCV x3  
  125  9:25  Supply Depot  
  125  9:27  Supply Depot  
  125  9:28  Supply Depot  
  128  9:36  SCV  
  129  9:50  Medivac x2  
  133  9:55  Supply Depot  
  133  9:56  Supply Depot  
  133  9:57  Marine x3, Marauder  
  133  9:58  Marine x7, Marauder, Supply Depot  
  145  10:02  Siege Tank  
  148  10:12  Command Center  
  148  10:15  Marine x5  
  148  10:17  Marauder x2  
Show
View Real Time Build Order
Export as new Build Order

A.I. 1 (Elite) Terran 

Build Orders:  

Get SALT Encoding   

  12  0:00  SCV  
  13  0:13  SCV  
  14  0:18  Supply Depot  
  14  0:25  SCV  
  15  0:40  SCV  
  16  0:44  Barracks  
  16  0:52  SCV  
  17  1:04  SCV  
  18  1:11  Refinery  
  18  1:14  Supply Depot  
  18  1:16  SCV  
  19  1:28  SCV  
  19  1:32  Marine  
  21  1:40  Command Center  
  21  2:03  Barracks  
  21  2:05  SCV  
  22  2:08  Marine  
  23  2:16  Factory  
  23  2:17  SCV  
  23  2:21  Supply Depot  
  24  2:26  Marine  
  24  2:29  SCV  
  26  2:41  SCV  
  27  2:44  Marine  
  28  2:52  Orbital Command  
  28  2:53  SCV  
  29  3:00  Factory Tech Lab, Refinery  
  29  3:09  Orbital Command  
  29  3:11  Marine  
  30  3:14  Marine  
  30  3:19  SCV  
  32  3:28  Marine  
  32  3:31  SCV  
  32  3:32  Marine  
  35  3:34  SCV  
  35  3:41  Barracks  
  36  3:43  SCV  
  36  3:46  Marine  
  36  3:47  SCV  
  39  3:50  Barracks Tech Lab  
  39  3:55  SCV  
  39  3:58  Starport  
  39  3:59  SCV  
  41  4:05  Barracks Tech Lab  
  41  4:08  Marine, Stimpack, SCV  
  43  4:11  SCV  
  44  4:18  Supply Depot  
  44  4:20  SCV  
  44  4:23  Marine, SCV, Combat Shield  
  47  4:26  Marine  
  47  4:27  Marine  
  49  4:32  SCV  
  49  4:34  Medivac  
  52  4:38  SCV  
  52  4:41  Marine  
  52  4:42  Supply Depot  
  52  4:44  Marine, SCV  
  52  4:45  Marine, Supply Depot  
  57  4:53  SCV  
  57  4:57  SCV  
  57  4:58  Marine  
  60  5:02  Marauder  
  60  5:03  Refinery  
  60  5:05  SCV  
  60  5:06  Refinery  
  63  5:09  SCV  
  64  5:16  Engineering Bay, Barracks Reactor  
  64  5:17  Marauder  
  64  5:18  SCV  
  64  5:21  SCV  
  68  5:23  Marauder  
  68  5:24  Command Center  
  70  5:30  SCV  
  71  5:37  Supply Depot  
  71  5:38  Marauder  
  71  5:40  SCV  
  71  5:42  SCV  
  75  5:44  Terran Infantry Weapons Level 1  
  75  5:45  Marauder  
  77  5:52  SCV  
  78  5:57  Engineering Bay  
  78  5:59  SCV, Medivac  
  78  6:00  Marauder  
  78  6:01  Missile Turret  
  78  6:03  Supply Depot  
  78  6:04  SCV  
  84  6:08  Marauder  
  85  6:11  SCV  
  86  6:23  Terran Infantry Armor Level 1, Missile Turret  
  86  6:25  Marauder, SCV  
  89  6:26  Concussive Shells  
  89  6:29  Barracks  
  89  6:30  Marauder, Supply Depot  
  89  6:31  Starport Reactor  
  91  6:39  Marine x2  
  90  6:40  SCV  
  90  6:44  SCV  
  90  6:46  Marauder  
  71  6:49  SCV  
  71  6:53  SCV  
  70  6:58  SCV  
  71  7:02  SCV  
  71  7:05  SCV  
  71  7:07  Medivac  
  69  7:10  SCV  
  70  7:17  SCV  
  70  7:18  SCV  
  70  7:22  SCV  
  64  7:25  Marine  
  64  7:29  SCV  
  64  7:31  Marine  
  64  7:32  SCV  
  64  7:35  SCV  
  67  7:40  Marine  
  67  7:41  SCV  
  69  7:46  Marine  
  69  7:47  Marine  
  69  7:48  SCV  
  69  7:50  SCV  
  73  7:53  SCV  
  73  7:58  Marine  
  75  8:00  SCV  
  75  8:05  Marauder  
  78  8:06  SCV  
  78  8:08  SCV  
  78  8:12  Marine, SCV  
  82  8:16  Marine  
  82  8:18  SCV  
  84  8:23  Marine x2  
  84  8:24  SCV  
  84  8:26  SCV  
  85  8:30  SCV  
  85  8:33  Marine  
  71  8:35  Marine  
  71  8:38  Marine  
  71  8:41  SCV  
  74  8:44  SCV  
  75  8:51  Marine  
  75  8:53  Marine, SCV  
  44  9:19  Marine  
  44  9:20  Marine x2  
  36  9:31  Marine  
  36  9:37  Marauder  
  36  9:38  Marine  
  31  9:39  Marine  
  31  9:40  SCV  
  33  9:49  Marine  
  30  9:56  Marine  
  30  9:58  Marauder  
  34  10:14  Marauder  
  34  10:16  Marine  
  27  10:26  Marine x2, SCV  
Tags
 
Matchup
TvT
Race
Terran
Spawn Locations
Cross Positions
Add a new tag
Caveats
  • Supply blocks, unpowered buildings, or Contaminate may cause inaccurate times.
  • Supply counts are checked every 10 seconds.